 Dungeon Crawl Stone Soup version 0.20.1-1-g8b1a95d (webtiles) character file.

9704 gobwax the Basher (level 11, -8/84 HPs)
             Began as a Formicid Fighter on Aug 11, 2017.
             Was a High Priest of Okawaru.
             Mangled by a death knight
             ... wielding a +0 glaive
              (25 damage)
             ... on level 11 of the Dungeon on Aug 12, 2017.
             The game lasted 00:32:36 (7009 turns).

gobwax the Basher (Formicid Fighter)                Turns: 7009, Time: 00:32:36

Health: -8/84      AC: 24    Str: 31    XL:     11   Next: 79%
Magic:  5/11       EV:  4    Int:  9    God:    Okawaru [*****.]
Gold:   471        SH: 11    Dex: 15    Spells: 10/10 levels left

rFire    . . .     SeeInvis +   i - +2 flail (crush)
rCold    + . .     Gourm    .   c - +0 shield
rNeg     . . .     Faith    .   B - +1 crystal plate armour
rPois    .         Spirit   .   (helmet unavailable)
rElec    .         Reflect  .   j - +0 cloak
rCorr    .         Harm     .   v - +1 pair of gloves {Str+3}
MR       +....                  (no boots)
Stlth    ..........             (no amulet)
Regen    0.3/turn               F - ring of protection from cold
MPRegen  0.2/turn               J - +5 ring of dexterity

@: mighty, finesse
A: permanent stasis, dig shafts and tunnels, four strong arms, antennae 3
a: Dig, Shaft Self, Heroism, Finesse, Renounce Religion


You were on level 11 of the Dungeon.
You worshipped Okawaru.
Okawaru was extremely pleased with you.
You were not hungry.

You visited 2 branches of the dungeon, and saw 12 of its levels.

You collected 471 gold pieces.

Inventory:

Hand Weapons
 a - a +0 flail
 i - a +2 flail of crushing (weapon)
 p - a +0 morningstar
 q - a +2 mace of protection
Missiles
 r - 2 javelins (quivered)
 w - 4 curare-tipped needles
 x - 2 throwing nets
Armour
 b - a +0 scale mail
 c - a +0 shield (worn)
 j - a +0 cloak (worn)
 t - a +1 hat
 u - a +1 pair of gloves
 v - a +1 pair of gloves of strength (worn)
 B - a +1 crystal plate armour (worn)
 H - a +0 cloak
 Q - +0 steam dragon scales
Jewellery
 F - a ring of protection from cold (left hand)
 J - a +5 ring of dexterity (right hand)
 S - an uncursed ring of ice {unknown}
Wands
 s - a wand of acid (8/15)
 y - a wand of flame (36/48)
 E - a wand of lightning (15/15)
 G - a wand of random effects (15/48)
 K - a wand of paralysis (14/24)
 L - a wand of paralysis (5/24)
 M - a wand of polymorph (21/24)
Scrolls
 h - 2 scrolls of blinking
 k - a scroll of torment {unknown}
 l - 2 scrolls of remove curse
 m - 5 scrolls of identify
 o - a scroll of recharging
 O - a scroll of teleportation {unknown}
 P - 2 scrolls of immolation
 R - 3 scrolls of amnesia
 U - 2 scrolls of fear
 V - a scroll of acquirement {unknown}
Potions
 d - a potion of might
 e - a potion of mutation {unknown}
 z - a potion of haste
 A - 2 potions of agility {unknown}
 C - 2 potions of brilliance {unknown}
 D - a potion of flight
 N - a potion of cancellation {unknown}
 T - 2 potions of degeneration {unknown}
Books
 g - a book of Battle

   Spells                             Type                      Level
   a - Infusion                       Charms                       1
   b - Shroud of Golubria             Charms/Translocation         2
   c - Song of Slaying                Charms                       2
   d - Spectral Weapon                Hexes/Charms                 3
   e - Regeneration                   Charms/Necromancy            3
Comestibles
 f - 3 bread rations
 n - 2 royal jellies
 I - 4 meat rations
 W - 4 fruits
 X - a chunk of flesh


   Skills:
 + Level 7.3 Fighting
 - Level 14.3 Maces & Flails
 * Level 9.1 Armour
 - Level 3.6 Shields


You had 10 spell levels left.
You didn't know any spells.

Dungeon Overview and Level Annotations

Branches:
Dungeon (11/15)            Temple (1/1) D:4            Lair (0/6) D:8
    Orc: D:9-12

Altars:
Dithmenos
Elyvilon
Fedhas
Gozag
Nemelex Xobeh
Okawaru
Qazlal
Ru
Uskayaw
Yredelemnul
Zin
The Shining One

Shops:
D:8 (

Annotations:
D:9 exclusion: orange crystal statue


Innate Abilities, Weirdness & Mutations

You cannot be hasted, slowed, berserked, paralysed or teleported.
You can dig through walls and to a lower floor.
Your four strong arms can wield two-handed weapons with a shield.
You have a pair of large antennae on your head. (SInv)


Message History

The phantasmal warrior is moderately damaged.
You bludgeon the phantasmal warrior!!
The phantasmal warrior is almost destroyed.
The death knight hits you but does no damage.
The phantasmal warrior closely misses you.
You hit the phantasmal warrior.
The phantasmal warrior is almost destroyed.
You sock the phantasmal warrior!
You destroy the phantasmal warrior!
Okawaru accepts your kill.
Your base Armour skill increases to level 9!
You feel like a meek peon again.
The death knight hits you with a glaive!
* * * LOW HITPOINT WARNING * * *
You sock the death knight!
The death knight is lightly wounded.
You sock the death knight!
The death knight is moderately wounded.
The death knight hits you with a glaive!!
You die...

#.#.###{....#.#.....##.>...#
#........z........#.##.##..#
#(...)({......#...#.....#...
.....########'#.#.#.#######.##
.... #.......#.# #.## .{
#..{{._...#######.## {
#..{.{.......##.....
{#..#.#####W######.##.#.##
{........@pn# ##.#.#
.......##### # #.# .....#. #.#
.... #. ..# ... ?. ..# .. ##
.. .


You could see a death knight, a wraith and a necrophage.

Vanquished Creatures
  Gastronok (D:8)
  Harold (D:10)
  Erica (D:9)
  A two-headed ogre (D:8)
  A phantasmal warrior (D:11)
  A cyclops (D:11)
  Joseph (D:8)
  4 hippogriffs
  A wyvern (D:10)
  A wraith (D:10)
  2 hungry ghosts (D:10)
  A steam dragon (D:10)
  2 orc warriors
  An ice beast (D:5)
  3 phantoms
  3 sky beasts
  6 ogres
  2 centaurs
  4 bullfrogs
  8 scorpions
  5 wights (D:8)
  A howler monkey (D:5)
  2 crimson imps (D:5)
  A quasit (D:11)
  A bullfrog zombie (D:10)
  4 orc priests
  A jelly (D:8)
  A centaur skeleton (D:5)
  3 hounds
  5 orc wizards
  2 bullfrog skeletons
  7 worker ants
  2 hound zombies
  3 worker ant zombies
  11 adders
  2 oozes
  3 worms
  A dart slug (D:1)
  3 leopard geckos
  34 orcs
  2 ball pythons
  16 bats
  8 giant cockroaches
  10 goblins
  7 hobgoblins
  18 jackals
  6 kobolds
  2 quokkas
  8 frilled lizards
  A leopard gecko zombie (D:8)
  12 rats
227 creatures vanquished.

Vanquished Creatures (others)
  An orc (D:5)
1 creature vanquished.

Grand Total: 228 creatures vanquished

Notes
Turn   | Place    | Note
-------+----------+-------------------------------------------
     0 | D:1      | gobwax the Formicid Fighter began the quest for the Orb.
     0 | D:1      | Reached XP level 1. HP: 18/18 MP: 1/1
   111 | D:1      | Reached XP level 2. HP: 10/24 MP: 2/2
   316 | D:1      | Reached skill level 3 in Maces & Flails
   395 | D:1      | Reached XP level 3. HP: 23/29 MP: 3/3
   911 | D:2      | Reached skill level 4 in Maces & Flails
   911 | D:2      | Reached XP level 4. HP: 33/35 MP: 4/4
  1568 | D:2      | Reached XP level 5. HP: 41/41 MP: 5/5
  1930 | D:3      | Reached skill level 5 in Maces & Flails
  2488 | D:4      | Reached XP level 6. HP: 43/47 MP: 6/6
  2500 | D:4      | Found a staircase to the Ecumenical Temple.
  2510 | Temple   | Entered the Ecumenical Temple
  2518 | Temple   | Became a worshipper of Warmaster Okawaru
  2542 | D:4      | Reached skill level 6 in Maces & Flails
  2760 | D:4      | Reached skill level 7 in Maces & Flails
  2760 | D:4      | Reached XP level 7. HP: 50/52 MP: 7/7
  2776 | D:4      | Reached * piety under Okawaru
  2987 | D:5      | Entered Level 5 of the Dungeon
  3130 | D:5      | Reached skill level 8 in Maces & Flails
  3210 | D:5      | Reached XP level 8. HP: 44/58 MP: 8/8
  3316 | D:5      | Reached skill level 9 in Maces & Flails
  3412 | D:5      | Reached ** piety under Okawaru
  3619 | D:5      | Found a sacrificial altar of Ru.
  3989 | D:6      | Reached skill level 10 in Maces & Flails
  4034 | D:6      | HP: 2/58 [orc warrior/halberd (6)]
  4037 | D:6      | You are sucked into a shaft for 2 floors!
  4436 | D:6      | You fall through a shaft for 2 floors!
  4635 | D:8      | Reached XP level 9. HP: 43/64 MP: 9/9
  4639 | D:8      | Noticed a hippogriff
  4648 | D:8      | Killed a hippogriff
  4648 | D:8      | Reached *** piety under Okawaru
  4648 | D:8      | Reached skill level 11 in Maces & Flails
  4670 | D:8      | Noticed a hippogriff
  4681 | D:8      | Killed a hippogriff
  4709 | D:8      | Noticed a two-headed ogre
  4719 | D:8      | Killed a two-headed ogre
  4719 | D:8      | Reached skill level 12 in Maces & Flails
  4728 | D:8      | Reached **** piety under Okawaru
  4886 | D:8      | Noticed Gastronok
  4913 | D:8      | Killed Gastronok
  4913 | D:8      | Reached ***** piety under Okawaru
  4913 | D:8      | Received a gift from Okawaru
  4913 | D:8      | Reached skill level 14 in Maces & Flails
  4913 | D:8      | Reached XP level 10. HP: 50/70 MP: 10/10
  4931 | D:8      | Noticed Joseph
  4944 | D:8      | Killed Joseph
  4973 | D:8      | Found a staircase to the Lair.
  5064 | D:8      | Found Nurrukko's Weapon Shoppe.
  5077 | D:8      | Found a hide-covered altar of Uskayaw.
  5770 | D:9      | Noticed Erica
  5784 | D:9      | Killed Erica
  5784 | D:9      | Reached skill level 5 in Armour
  5784 | D:9      | Reached XP level 11. HP: 78/78 MP: 3/11
  5818 | D:9      | Noticed an orange crystal statue
  5844 | D:9      | Noticed a two-headed ogre
  5846 | D:9      | You fall through a shaft!
  5846 | D:10     | Entered Level 10 of the Dungeon
  5925 | D:10     | Received a gift from Okawaru
  5925 | D:10     | Reached skill level 5 in Fighting
  5970 | D:10     | Noticed Harold
  5985 | D:10     | Killed Harold
  6794 | D:11     | Noticed an eight-headed hydra
  6794 | D:11     | Noticed a manticore
  6794 | D:11     | Noticed a cyclops
  6796 | D:11     | Noticed a manticore
  6911 | D:11     | Found an opulent altar of Gozag.
  6965 | D:11     | Killed a cyclops
  6973 | D:11     | Reached ****** piety under Okawaru
  6977 | D:11     | Noticed a death knight
  6979 | D:11     | Noticed a phantasmal warrior
  6982 | D:11     | Noticed a skeletal warrior
  7006 | D:11     | Killed a phantasmal warrior
  7009 | D:11     | Mangled by a death knight

Skill      XL: |  1  2  3  4  5  6  7  8  9 10 11 |
---------------+----------------------------------+-----
Maces & Flails | 3 4 5 7 8 10 14 | 14.3
Armour         | 5 9 |  9.1
Fighting       | 4 7 |  7.3
Shields        | |  3.6

Action                   |  1- 3 |  4- 6 |  7- 9 | 10-12 || total
-------------------------+-------+-------+-------+-------++-------
Melee: Flail             |   130 |    58 |    79 |   292 ||   559
       Mace              |       |   180 |   266 |       ||   446
Invok: Heroism           |       |       |     2 |     5 ||     7
       Finesse           |       |       |       |     4 ||     4
 Abil: Shaft Self        |       |       |     2 |     1 ||     3
  Use: Scroll            |       |       |    12 |     2 ||    14
       Potion            |       |       |     5 |     3 ||     8
 Stab: Invisible         |       |       |     1 |       ||     1
       Held in net/web   |       |       |       |     1 ||     1
  Eat: Chunk             |       |     7 |     5 |    11 ||    23
       Fruit             |       |       |     3 |       ||     3
Armor: Scale mail        |    85 |   102 |       |       ||   187
       Crystal plate arm |       |    24 |   211 |   160 ||   395
Dodge: Dodged            |    57 |    64 |    12 |    26 ||   159
Block: Shield            |   103 |   138 |   136 |   112 ||   489
